 Dungeon Crawl Stone Soup version 0.28.0-45-g0d030f2227 (webtiles) character file.

Game seed: 730279231207938834

2805 jimonade the Thaumaturge (level 10, -13/71 HPs)
             Began as a Djinni Fire Elementalist on Apr 8, 2022.
             Was a Follower of Makhleb.
             Mangled by Harold
             ... wielding a +0 long sword
              (18 damage)
             ... on level 6 of the Dungeon.
             The game lasted 00:19:36 (7157 turns).

jimonade the Thaumaturge (Djinni Fire Elementalist) Turns: 7157, Time: 00:19:36

Health: -13/71     AC:  3    Str:  9    XL:     10   Next: 2%
Gold:   329        EV: 13    Int: 19    God:    Makhleb [*.....] SH:  0 Dex: 14

rFire   + + .      SeeInvis .   x - +5 short sword
rCold   x . .      Faith    .   (no shield)
rNeg    . . .      Spirit   .   a - +0 robe
rPois   ∞          Reflect  .   q - +0 helmet
rElec   .          Harm     .   (no cloak)
rCorr   .          Rampage  .   (no gloves)
Will    +....                   (boots unavailable)
Stlth   ++........              (no amulet)
HPRegen 0.21/turn               (no ring)
MPRegen 0.00/turn               (no ring)

@: marked, flying
A: sickness immunity, fire resistance 2, cold vulnerability 1, float, innate
caster, HP casting, extra vitality 1
a: Renounce Religion


You were on level 6 of the Dungeon.
You worshipped Makhleb.
Makhleb was aware of your devotion.
You visited 2 branches of the dungeon, and saw 8 of its levels.

You collected 329 gold pieces.

Inventory:

Hand Weapons
 b - a +0 dagger
 p - a +0 whip of draining
 v - a +0 rapier of electrocution
 x - a +5 short sword (weapon)
Missiles
 e - 74 stones
 f - 57 arrows
 h - 60 sling bullets
 o - 2 throwing nets
 s - 34 bolts
 D - 4 poisoned darts
Armour
 a - a +0 robe (worn)
 g - a +0 plate armour
 i - a +0 ring mail
 l - a +0 leather armour
 q - a +0 helmet (worn)
Wands
 A - a wand of polymorph (13)
 E - a wand of paralysis (11)
Scrolls
 d - 5 scrolls of identify
 j - a scroll of immolation {unknown}
 m - a scroll of blinking {unknown}
 r - a scroll of enchant armour {unknown}
 t - a scroll of summoning {unknown}
 y - a scroll of teleportation {unknown}
 z - a scroll of enchant weapon {unknown}
 B - a scroll of fear {unknown}
 C - a scroll of silence {unknown}
 F - a scroll of amnesia {unknown}
 I - 2 scrolls of fog {unknown}
Potions
 c - a potion of curing {unknown}
 k - a potion of invisibility {unknown}
 n - a potion of brilliance
 u - a potion of magic {unknown}
 w - a potion of berserk rage {unknown}
 G - a potion of lignification {unknown}
 H - a potion of cancellation {unknown}


   Skills:
 * Level 5.6 Fighting
 + Level 1.4 Short Blades
 + Level 4.4 Dodging
 - Level 1.8 Stealth
 + Level 8.8 Spellcasting


You had 4 spell levels left.
You knew the following spells:

 Your Spells              Type           Power      Damage    Failure   Level
a - Foxfire               Conj/Fire      100%       2x1d9     1%          1
b - Scorch                Fire           82%        2d9       1%          2
c - Conjure Flame         Conj/Fire      41%        6-21      1%          3
d - Inner Flame           Hex/Fire       41%        N/A       1%          3
e - Flame Wave            Conj/Fire      41%        2d9       2%          4
f - Magic Dart            Conj           100%       1d8       1%          1
g - Corpse Rot            Necr/Air       82%        N/A       1%          2
h - Static Discharge      Conj/Air       41%        N/A       1%          2
i - Ice Form              Ice/Tmut       41%        N/A       2%          4
Your spell library was empty.

Dungeon Overview and Level Annotations

Branches:
Dungeon (7/15)             Temple (1/1) D:4

Altars:
Ashenzari
Cheibriados
Dithmenos
Elyvilon
Fedhas
Gozag
Hepliaklqana
Makhleb
Nemelex Xobeh
Okawaru
Qazlal
Ru
Sif Muna
Trog
Uskayaw
Wu Jian
Xom
Yredelemnul
Zin
The Shining One

Annotations:
D:6 Harold


Innate Abilities, Weirdness & Mutations

You are immune to sickness and miasma.
You are immune to poison.
Your flesh is very heat resistant. (rF++)
You are vulnerable to cold. (rC-)
You float through the air rather than walking.
You learn spells naturally, not from books.
Your magical power is your life essence.
You have superior vitality. (+4 MHP)


Message History

Harold's fire resistance burns away.
Harold barely misses you.
Casting: Scorch (safe; 1% risk of failure)
Confirm with . or Enter, or press ? or * to list all spells.
Okay, then.
Unknown command.
Casting: Scorch (safe; 1% risk of failure)
Confirm with . or Enter, or press ? or * to list all spells.
Okay, then.
Casting: Scorch (safe; 1% risk of failure)
Confirm with . or Enter, or press ? or * to list all spells.
Casting: Flame Wave (dangerous; 2% risk of failure)
Press: ? - help, Dir - look around, f - activate A wave of flame ripples out!
The flame wave engulfs Harold but does no damage.
Harold is lightly wounded. (Press . to intensify the flame waves.) Harold hits you with a +0 long sword!
A wave of flame ripples out!
The flame wave engulfs Harold!
Harold is burned terribly!
Harold is moderately wounded.
Harold hits you with a +0 long sword!
* * * LOW HITPOINT WARNING * * *
A wave of flame ripples out!
The flame wave engulfs Harold!
Harold is burned terribly!
Harold is moderately wounded.
* * * LOW HITPOINT WARNING * * *
You finish channelling waves of flame.
Harold hits you with a +0 long sword.
* * * LOW HITPOINT WARNING * * *
Casting: Flame Wave (dangerous; 2% risk of failure)
Confirm with . or Enter, or press ? or * to list all spells.
Casting: Flame Wave (dangerous; 2% risk of failure)
Press: ? - help, Dir - look around, f - activate A wave of flame ripples out!
The flame wave engulfs Harold!
Harold is burned terribly!
Harold is moderately wounded. (Press . to intensify the flame waves.)
* * * LOW HITPOINT WARNING * * *
Harold is no longer more vulnerable to fire.
Harold hits you with a +0 long sword!!
You die...

..........#...#...##.......##....
..........#.......##....#####....
.......)..........##...)# #....
..................##...## #....
.................###...# #....
..................##...######....
'#....###....##...##.............
.............##..@##...........##
.............+..@.........<......
'##..........#####...............
≈.#....#.....# #...............
≈.#....#....######.....######....
≈.#............................##
≈.#####..........................
≈.# #.....................)....
#### #..........................
##.# #.............######...#...


You could see Harold.

Vanquished Creatures
  A two-headed ogre (D:6)
  Maggie (D:7)
  The ghost of WaxSun the Ogre Mage, an amateur OgFE (D:6)
  Eustachio (D:5)
  Menkaure (D:5)
  A water moccasin (D:6)
  A sky beast (D:6)
  4 ogres
  A centaur (D:6)
  A phantom (D:4)
  Blork the orc (D:4)
  A water moccasin zombie (D:6)
  2 water moccasin skeletons
  5 wights (D:5)
  A jelly (D:6)
  A bullfrog skeleton (D:6)
  2 iguanas (D:6)
  A killer bee zombie (D:6)
  A hound skeleton (D:5)
  Robin (D:4)
  4 gnolls
  9 adders
  4 white imps
  4 worms
  4 dart slugs
  4 orcs (D:3)
  4 endoplasms
  12 giant cockroaches
  10 goblins
  8 hobgoblins
  8 jackals
  4 kobolds
  2 quokkas
  5 ball pythons
  5 bats
  8 frilled lizards
  3 rats
127 creatures vanquished.

Vanquished Creatures (others)
  414 foxfires
  6 fungi (D:2)
  5 plants (D:2)
425 creatures vanquished.

Grand Total: 552 creatures vanquished

Notes
Turn   | Place    | Note
-------+----------+-------------------------------------------
     0 | D:1      | jimonade the Djinni Fire Elementalist began the quest for
                  | the Orb.
     0 | D:1      | Reached XP level 1. HP: 15/15 MP: 0/0
   180 | D:1      | Reached XP level 2. HP: 21/21 MP: 0/0
   455 | D:1      | Reached skill level 3 in Spellcasting
   577 | D:1      | Reached XP level 3. HP: 23/25 MP: 0/0
   577 | D:1      | Learned a level 1 spell: Magic Dart
  1311 | D:2      | Reached XP level 4. HP: 27/31 MP: 0/0
  1410 | D:2      | Reached skill level 1 in Fighting
  1820 | D:2      | Found a faded altar of an unknown god.
  2057 | D:3      | Reached XP level 5. HP: 32/37 MP: 0/0
  2057 | D:3      | Learned a level 2 spell: Corpse Rot
  2137 | D:3      | Found a hazy altar of Hepliaklqana.
  2232 | D:3      | Noticed an ogre
  2239 | D:3      | Identified the +0 mace of Gilyi {antimagic, Int+6}
  2254 | D:3      | Killed an ogre
  2255 | D:3      | Reached skill level 4 in Spellcasting
  2255 | D:3      | Reached XP level 6. HP: 36/43 MP: 0/0
  3014 | D:4      | Noticed a black bear
  3513 | D:4      | Found a snail-covered altar of Cheibriados.
  3720 | D:4      | Noticed Robin
  3724 | D:4      | Killed Robin
  3911 | D:4      | Found a staircase to the Ecumenical Temple.
  3938 | Temple   | Entered the Ecumenical Temple
  4152 | Temple   | Became a worshipper of Makhleb the Destroyer
  4213 | D:4      | Noticed an ogre
  4229 | D:4      | Killed an ogre
  4230 | D:4      | Reached skill level 5 in Spellcasting
  4230 | D:4      | Reached XP level 7. HP: 39/49 MP: 0/0
  4230 | D:4      | Learned a level 2 spell: Static Discharge
  4838 | D:4      | Noticed Blork the orc
  4853 | D:4      | Killed Blork the orc
  5186 | D:5      | Entered Level 5 of the Dungeon
  5186 | D:5      | Noticed Menkaure
  5188 | D:5      | Killed Menkaure
  5462 | D:5      | Noticed Eustachio
  5466 | D:5      | Killed Eustachio
  5467 | D:5      | Reached skill level 6 in Spellcasting
  5467 | D:5      | Reached XP level 8. HP: 50/56 MP: 0/0
  5825 | D:5      | Reached skill level 1 in Short Blades
  6226 | D:6      | Reached * piety under Makhleb
  6227 | D:6      | Reached skill level 7 in Spellcasting
  6240 | D:6      | Reached XP level 9. HP: 32/62 MP: 0/0
  6240 | D:6      | Learned a level 4 spell: Ice Form
  6683 | D:6      | Noticed a two-headed ogre
  6689 | D:6      | Killed a two-headed ogre
  6690 | D:6      | Reached skill level 5 in Fighting
  6690 | D:6      | Reached skill level 8 in Spellcasting
  6723 | D:6      | Found a runed translucent door.
  7072 | D:6      | Noticed WaxSun's ghost (amateur OgFE)
  7082 | D:6      | Killed WaxSun's ghost
  7129 | D:7      | Noticed Maggie
  7138 | D:7      | Killed Maggie
  7139 | D:7      | Reached XP level 10. HP: 58/71 MP: 0/0
  7144 | D:7      | Noticed Harold
  7157 | D:6      | Mangled by Harold

Illustrated notes

Levels and vault maps discovered:
D:1:      dpeg_chamrin_arrival_tetris, layout_basic, minmay_worlds_worst_comb
D:2:      layout_rooms, shapermc_ecumenical_altar_mp_urbaneastern
D:3:      layout_loops_cross, lemuel_crystal_altar, kennysheep_generic_room_2
D:4:      layout_basic, slow_altar_1, minmay_temple_entry_purple_smoke,
          serial_co_window_serial, co_window_paths_b, co_window_paths_a,
          co_window_paths_a, co_window_paths_a, co_window_paths_a,
          co_window_paths_b, co_window_corner_a, co_window_of_opportunity_c,
          co_window_broadway_b, co_window_of_opportunity_b, co_window_2corner,
          co_window_corner_b, co_window_corner_cb, glass_columns_b,
          glass_columns_a, uniq_blork_the_orc, uniq_robin
D:5:      layout_rooms, uniq_menkaure, uniq_eustachio
D:6:      layout_basic, ebering_ghost_reflecting_pool
D:7:      layout_rooms, minmay_misc_feat_more_columns, st_stairs_2,
          nicolae_shop_sticking_my_neck_out, uniq_duvessa, uniq_maggie,
          uniq_harold
Temple:   eino_narrow_crystal_temple

Skill      XL: |  1  2  3  4  5  6  7  8  9 |
---------------+----------------------------+-----
Spellcasting   | 3 4 5 6 7 8 |  8.8
Fighting       | 1 2 3 4 5 |  5.6
Dodging        | 3 4 |  4.4
Short Blades   | 1 |  1.4
Stealth        | |  1.8

Action                   |  1- 3 |  4- 6 |  7- 9 | 10-12 || total
-------------------------+-------+-------+-------+-------++-------
Melee: Dagger            |     1 |    16 |     9 |       ||    26
       Punch             |       |       |     1 |       ||     1
       Short sword       |       |       |     4 |       ||     4
 Cast: Foxfire           |    53 |   111 |    70 |     2 ||   236
       Magic Dart        |       |     1 |     6 |       ||     7
       Inner Flame       |       |     1 |    17 |       ||    18
       Scorch            |       |     1 |     7 |     1 ||     9
       Conjure Flame     |       |       |     1 |       ||     1
       Flame Wave        |       |       |       |     2 ||     2
  Use: Scroll            |       |     1 |       |       ||     1
       Potion            |       |     1 |       |       ||     1
Armor: Robe              |     4 |     8 |     4 |       ||    16
Dodge: Dodged            |     6 |    47 |    22 |     3 ||    78
